 Dungeon Crawl Stone Soup version 0.23.0 (webtiles) character file.

Game seed: 10215525002555482628

252 Folque the Sneak (level 6, -1/49 HPs)
             Began as a Naga Air Elementalist on Feb 16, 2019.
             Slain by an adder (5 damage)
             ... on level 3 of the Dungeon.
             The game lasted 00:08:58 (2784 turns).

Folque the Sneak (Naga Air Elementalist)            Turns: 2784, Time: 00:08:59

Health: -1/49      AC:  4    Str: 10    XL:     6   Next: 13%
Magic:  0/11       EV: 10    Int: 18    God:
Gold:   92         SH:  0    Dex: 11    Spells: 6/12 levels left

rFire    . . .     SeeInvis +   d - +0 dagger
rCold    . . .     Gourm    .   (no shield)
rNeg     . . .     Faith    .   a - +0 robe
rPois    +         Spirit   .   (no helmet)
rElec    .         Reflect  .   q - +0 cloak {+Inv}
rCorr    .         Harm     .   (no gloves)
MR       .....                  (no barding)
Stlth    ++++......             (no amulet)
HPRegen  0.16/turn              l - ring of stealth
MPRegen  0.12/turn              (no ring)

@: lethally poisoned (-1 -> -2), very slow
A: large, see invisible, deformed body, poison resistance, slowness 2, slow
metabolism 1, spit poison 1, AC +2
a: Spit Poison, Evoke Invisibility


You were on level 3 of the Dungeon.
You were hungry.

You visited 1 branch of the dungeon, and saw 3 of its levels.

You collected 92 gold pieces.

Inventory:

Hand Weapons
 d - a +0 dagger (weapon)
 p - a +2 quarterstaff of chaos
Armour
 a - a +0 robe (worn)
 o - a +0 cloak
 q - a +0 cloak of invisibility (worn)
Jewellery
 j - an uncursed amulet of regeneration {unknown}
 l - a ring of stealth (left hand)
Scrolls
 e - a scroll of fear {unknown}
 f - a scroll of amnesia {unknown}
 g - a scroll of teleportation {unknown}
 i - a scroll of remove curse
 k - a scroll of enchant armour {unknown}
 n - a scroll of immolation {unknown}
Potions
 b - a potion of lignification {unknown}
 h - a potion of curing {unknown}
 m - 2 potions of mutation {unknown}
 s - 2 potions of heal wounds
Comestibles
 c - 4 rations


   Skills:
 - Level 1.5 Dodging
 * Level 4.5 Stealth
 + Level 3.5 Spellcasting
 + Level 3.4 Conjurations
 + Level 4.0 Air Magic


You had 6 spell levels left.
You knew the following spells:

 Your Spells              Type           Power        Failure   Level  Hunger
a - Shock                 Conj/Air       ###.         3%          1    None
b - Swiftness             Chrm/Air       ##......     11%         2    ##.....
c - Static Discharge      Conj/Air       ###.....     10%         3    ###....

Your spell library contained the following spells:

 Spells                   Type           Power        Failure   Level  Hunger
 Airstrike                Air            ###.......   28%         4    ####...
 Lightning Bolt           Conj/Air       ###.......   67%         5    ######.


Dungeon Overview and Level Annotations

Branches:
Dungeon (3/15)

Altars:
Kikubaaqudgha
Makhleb


Innate Abilities, Weirdness & Mutations

You cannot wear boots.
Your serpentine skin is tough. (AC +2)
You have supernaturally acute eyesight. (SInv)
Armour fits poorly on your strangely shaped body.
Your system is resistant to poisons. (rPois)
You cover ground very slowly.
You have a slow metabolism.
You can spit poison.


Message History

Aiming: Shock (safe; 3% risk of failure)
Press: ? - help, Shift-Dir - straight line, p - adder The zap hits the adder.
The adder is heavily wounded.
The zap hits the adder.
The adder is severely wounded.
The adder bites you.
* * * LOW HITPOINT WARNING * * *
You barely miss the adder.
The adder is severely wounded.
The adder bites you but does no damage.
Okay, then.
As you read the scroll labeled NAH FODIVEO, it crumbles to dust.
You feel blessed for a moment.
It was a scroll of remove curse.
You feel sick. The adder closely misses you. The adder barely misses you.
You hit the adder.
The adder is almost dead.
You have got your breath back.
The adder bites you.
You die...

##...## ##.....##
#.......# #.......#
#.......# ###.....##
####.......## ##
#...()......#
.########.###)..@...#
..........# #.).S...#
#..######## ##.....##
##...# #)...## ###...
###.#### ###.# #....#
..#.. # #....# ...!.
#....# ..... ..
##....#


You could see an adder.

Vanquished Creatures
  An ogre (D:3)
  Crazy Yiuf (D:2)
  9 adders
  2 oozes
  A worm (D:3)
  A dart slug (D:3)
  3 leopard geckos
  2 ball pythons
  3 giant cockroaches
  6 hobgoblins
  2 kobolds
  A quokka (D:2)
  4 bats
  2 frilled lizards (D:1)
  6 goblins
  4 rats
48 creatures vanquished.

Notes
Turn   | Place    | Note
-------+----------+-------------------------------------------
     0 | D:1      | Folque the Naga Air Elementalist began the quest for the
                  | Orb.
     0 | D:1      | Reached XP level 1. HP: 15/15 MP: 3/3
   342 | D:1      | Reached XP level 2. HP: 22/22 MP: 0/5
   588 | D:1      | Learned a level 2 spell: Swiftness
  1073 | D:2      | Reached XP level 3. HP: 15/28 MP: 0/6
  1562 | D:2      | Reached XP level 4. HP: 10/36 MP: 2/8
  2095 | D:2      | Found a burning altar of Makhleb.
  2125 | D:2      | Learned a level 3 spell: Static Discharge
  2141 | D:2      | Found a runed translucent door.
  2142 | D:2      | Noticed Crazy Yiuf
  2149 | D:2      | Killed Crazy Yiuf
  2149 | D:2      | Reached XP level 5. HP: 42/42 MP: 3/9
  2642 | D:3      | Noticed an ogre
  2643 | D:3      | Found an ancient bone altar of Kikubaaqudgha.
  2775 | D:3      | Killed an ogre
  2775 | D:3      | Reached XP level 6. HP: 14/49 MP: 0/11
  2784 | D:3      | Slain by an adder

Skill      XL: |  1  2  3  4  5 |
---------------+----------------+-----
Conjurations   | 2 3 |  3.4
Spellcasting   | 3 |  3.5
Stealth        | 4 |  4.5
Air Magic      | 4 |  4.0
Dodging        | |  1.5

Action                   |  1- 3 |  4- 6 || total
-------------------------+-------+-------++-------
Melee: Unarmed           |    23 |       ||    23
       Dagger            |    30 |    26 ||    56
 Cast: Shock             |    41 |    29 ||    70
       Static Discharge  |       |     8 ||     8
 Abil: Spit Poison       |     2 |     2 ||     4
  Use: Scroll            |     1 |     1 ||     2
       Potion            |     1 |     1 ||     2
 Stab: Sleeping          |     1 |     3 ||     4
  Eat: Chunk             |     2 |     3 ||     5
Armor: Robe              |    13 |    14 ||    27
Dodge: Dodged            |    54 |    37 ||    91
